 Dungeon Crawl Stone Soup version 0.30-a0-738-g116ff8c4af (webtiles) character file.

Game seed: 2850304600048569909

99 theblackgale the Cruncher (level 4, -2/32 HPs)
             Began as a Gnoll Wanderer on Jan 27, 2023.
             Was an Initiate of Vehumet.
             Slain by an orc
             ... wielding a +0 flail
              (4 damage)
             ... on level 5 of the Dungeon on Feb 3, 2023.
             The game lasted 00:07:48 (670 turns).

theblackgale the Cruncher (Gnoll Wanderer)           Turns: 670, Time: 00:07:48

Health: -2/32      AC:  3    Str: 16    XL:     4   Next: 72%
Magic:  5/5        EV: 11    Int:  7    God:    Vehumet [......]
Gold:   97         SH:  0    Dex: 13    Spells: 5/5 levels left

rFire   . . .      SeeInvis .    a - +2 quarterstaff
rCold   . . .      Faith    .    (shield currently unavailable)
rNeg    . . .      Spirit   .    e - +0 leather armour
rPois   .          Reflect  .    (no helmet)
rElec   .          Harm     .    (no cloak)
rCorr   .          Rampage  .    (no gloves)
Will    .....                    (no boots)
Stlth   +                        (no amulet)
HPRegen 0.25/turn                (no ring)
MPRegen 0.09/turn                (no ring)

@: no status effects
A: fangs 1, strong nose, distributed training
a: Renounce Religion


You were on level 5 of the Dungeon.
You worshipped Vehumet.
Vehumet was noncommittal.
You visited 1 branch of the dungeon, and saw 5 of its levels.

You collected 97 gold pieces.

Inventory:

Hand Weapons
 a - a +2 quarterstaff (weapon)
 j - a +0 arbalest
Armour
 e - a +0 leather armour (worn)
Scrolls
 b - 5 scrolls of teleportation
 d - a scroll of fear
 g - a scroll of identify {unknown}
 h - 2 scrolls of brand weapon {unknown}
Potions
 f - a potion of brilliance {unknown}
 i - 2 potions of might {unknown}
 k - a potion of curing
Miscellaneous
 c - a piece from Xom's chessboard (15/15) (quivered)


   Skills:
 + Level 1.2 Fighting
 + Level 1.2 Short Blades
 + Level 1.2 Long Blades
 + Level 1.2 Axes
 + Level 1.2 Maces & Flails
 + Level 1.2 Polearms
 + Level 10.5 Staves
 + Level 1.2 Ranged Weapons
 + Level 1.2 Throwing
 + Level 2.8 Armour
 + Level 1.2 Dodging
 + Level 1.2 Stealth
 + Level 1.2 Shields
 + Level 1.2 Unarmed Combat
 + Level 1.2 Spellcasting
 + Level 1.0 Conjurations
 + Level 1.0 Hexes
 + Level 1.0 Summonings
 + Level 1.0 Necromancy
 + Level 1.0 Translocations
 + Level 1.0 Transmutations
 + Level 1.0 Fire Magic
 + Level 1.0 Ice Magic
 + Level 1.0 Air Magic
 + Level 1.0 Earth Magic
 + Level 1.0 Poison Magic
 + Level 1.4 Invocations
 + Level 8.6 Evocations


You had 5 spell levels left.
You didn't know any spells.
Your spell library was empty.

Dungeon Overview and Level Annotations

Branches:
Dungeon (5/15)
 Temple: D:4-7

Altars:
Vehumet

Shops:
D:1 *?

Annotations:
D:5 2 transporters, MrSquiggles's ghost, novice MiAr


Innate Abilities, Weirdness & Mutations

You have very sharp teeth.
Your uncanny sense of smell can sniff out nearby items.
Your experience applies equally to all skills.


Message History

The orc hits you but does no damage.
You miss the orc wizard.
The orc priest shouts!
The hound bites you but does no damage.
The orc wizard hits you with a +0 dagger.
The hound barely misses you.
The orc priest looks braver for a moment.
The orc hits you but does no damage.
You closely miss the orc. The hound bites you.
You sock the orc!
You kill the orc!
Vehumet accepts your kill. The orc wizard barely misses you.
The hound closely misses you. The orc attacks as you move away!
The orc hits you but does no damage.
A scorpion comes into view.
The orc wizard casts a spell.
The orc wizard flickers and vanishes!
Deactivating autopickup; reactivate with Ctrl-A.
An orc wizard comes into view. It is wielding a +0 dagger.
Found 30 gold pieces.
The orc wizard shouts!
An orc comes into view. It is wielding a +1 dagger of venom.
The orc wizard points at you and mumbles some strange words.
You resist with some effort. The hound bites you but does no damage.
You're too confused to move!
The orc shouts!
The hound bites you.
* * * LOW HITPOINT WARNING * * *
The orc wizard casts a spell at you.
You are more confused.
The orc attacks as you move away! The orc hits you with a +0 flail.
* * * LOW HITPOINT WARNING * * *
An orc priest comes into view. It is wielding a +0 hand axe.
Found a transporter.
The hound closely misses you.
You feel better. The hound barely misses you. The scorpion closely misses you.
The orc priest invokes the aid of Beogh against you.
Beogh smites you!
* * * LOW HITPOINT WARNING * * *
The orc hits you with a +0 flail.
You die...

#.##..#.......
#.##..#$........#.
#.#..©#$...©....#© ####
#<#...#!........#.
.....#.....#.........#.
............#8..W....8#.
............##cWo...©##.
.......<..o.)#########..
..o.......o...{h@..oo.o.
...............os.......
.oo..oo.......##......$.
.............###..<.....
.....#...>.## #........
########### ##.......
#....$. ######


You could see an orc warrior, a phantom, a centaur, a scorpion, a hound, 2 orc
priests, an orc wizard, MrSquiggles's ghost and 3 orcs.

Vanquished Creatures
  A scorpion (D:4)
  An adder (D:3)
  A worm (D:4)
  2 dart slugs (D:1)
  An orc (D:5)
  4 ball pythons
  2 bats
  An endoplasm (D:1)
  3 goblins (D:1)
  2 hobgoblins
  A frilled lizard (D:1)
  A kobold (D:3)
  3 rats (D:1)
23 creatures vanquished.

Notes
Turn   | Place    | Note
-------+----------+-------------------------------------------
     0 | D:1      | Reached skill level 10 in Staves
     0 | D:1      | theblackgale the Gnoll Wanderer began the quest for the
                  | Orb.
     0 | D:1      | theblackgale set off with the following items: a +2
                  | quarterstaff, a scroll of teleportation, a piece from Xom's
                  | chessboard (15/15), a scroll of fear, a +0 leather armour.
     0 | D:1      | Reached XP level 1. HP: 13/13 MP: 1/1
   122 | D:1      | Found Gyicaeh's Magic Scroll Shoppe.
   122 | D:1      | Found Ukanioq's General Store.
   126 | D:1      | Upgraded the game from 0.30-a0-722-g3e6e8c874d to
                  | 0.30-a0-738-g116ff8c4af
   143 | D:1      | Reached XP level 2. HP: 17/19 MP: 2/2
   414 | D:3      | Reached XP level 3. HP: 25/25 MP: 2/4
   549 | D:4      | Found a radiant altar of Vehumet.
   582 | D:4      | Reached skill level 1 in Invocations
   600 | D:4      | Became a worshipper of Vehumet
   622 | D:4      | Noticed a scorpion
   633 | D:4      | Killed a scorpion
   634 | D:4      | Reached skill level 1 in Fighting
   634 | D:4      | Reached skill level 1 in Short Blades
   634 | D:4      | Reached skill level 1 in Long Blades
   634 | D:4      | Reached skill level 1 in Axes
   634 | D:4      | Reached skill level 1 in Maces & Flails
   634 | D:4      | Reached skill level 1 in Polearms
   634 | D:4      | Reached skill level 1 in Ranged Weapons
   634 | D:4      | Reached skill level 1 in Throwing
   634 | D:4      | Reached skill level 1 in Dodging
   634 | D:4      | Reached skill level 1 in Stealth
   634 | D:4      | Reached skill level 1 in Shields
   634 | D:4      | Reached skill level 1 in Unarmed Combat
   634 | D:4      | Reached skill level 1 in Spellcasting
   634 | D:4      | Reached skill level 1 in Conjurations
   634 | D:4      | Reached skill level 1 in Hexes
   634 | D:4      | Reached skill level 1 in Summonings
   634 | D:4      | Reached skill level 1 in Necromancy
   634 | D:4      | Reached skill level 1 in Translocations
   634 | D:4      | Reached skill level 1 in Transmutations
   634 | D:4      | Reached skill level 1 in Fire Magic
   634 | D:4      | Reached skill level 1 in Ice Magic
   634 | D:4      | Reached skill level 1 in Air Magic
   634 | D:4      | Reached skill level 1 in Earth Magic
   634 | D:4      | Reached skill level 1 in Poison Magic
   634 | D:4      | Reached XP level 4. HP: 32/32 MP: 5/5
   648 | D:5      | Entered Level 5 of the Dungeon
   649 | D:5      | Noticed an orc warrior
   650 | D:5      | Noticed a centaur
   655 | D:5      | Found a transporter.
   655 | D:5      | Noticed MrSquiggles's ghost (novice MiAr)
   655 | D:5      | Noticed a phantom
   666 | D:5      | Noticed a scorpion
   669 | D:5      | Found a transporter.
   670 | D:5      | Slain by an orc

Illustrated notes

Levels and vault maps discovered:
D:1:      dpeg_arrival_three_same_balls, layout_basic, serial_shops, shop, shop,
          shop_statue, shop_statue, nicolae_shop_waterfront
D:2:      layout_rooms, hellmonk_ecumenical_altar_heavens_door, uniq_natasha
D:3:      layout_basic, lemuel_round_altar, gup_sewer_entry_glass,
          minmay_misc_feat_four_crosses
D:4:      layout_loops_corners, lemuel_coloured_pillars_altar,
          nicolae_overflow_crystal_walls, lemuel_tele_altar,
          minmay_temple_entry_poolview
D:5:      layout_rooms, mainiacjoe_overflow_brackets, gammafunk_ghost_arena,
          hangedman_abyss_or_decor_passed

Skill      XL: |  1  2  3 |
---------------+----------+-----
Staves         | | 10.5
Invocations    | 1 |  1.4
Fighting       | 1 |  1.2
Short Blades   | 1 |  1.2
Long Blades    | 1 |  1.2
Axes           | 1 |  1.2
Maces & Flails | 1 |  1.2
Polearms       | 1 |  1.2
Ranged Weapons | 1 |  1.2
Throwing       | 1 |  1.2
Dodging        | 1 |  1.2
Stealth        | 1 |  1.2
Shields        | 1 |  1.2
Unarmed Combat | 1 |  1.2
Spellcasting   | 1 |  1.2
Conjurations   | 1 |  1.0
Hexes          | 1 |  1.0
Summonings     | 1 |  1.0
Necromancy     | 1 |  1.0
Translocations | 1 |  1.0
Transmutations | 1 |  1.0
Fire Magic     | 1 |  1.0
Ice Magic      | 1 |  1.0
Air Magic      | 1 |  1.0
Earth Magic    | 1 |  1.0
Poison Magic   | 1 |  1.0
Armour         | |  2.8
Evocations     | |  8.6

Action                     |  1- 3 |  4- 6 || total
---------------------------+-------+-------++-------
  Melee: Quarterstaff      |    50 |     7 ||    57
         Bite              |     3 |       ||     3
  Evoke: Piece from Xom's  |     4 |       ||     4
    Use: Potion            |     1 |     1 ||     2
   Stab: Sleeping          |     2 |       ||     2
 Armour: Leather armour    |     5 |     6 ||    11
  Dodge: Dodged            |    27 |    12 ||    39

Table legend: (Time is in decaauts)
 A = Elapsed time spent in this place.
 B = Non-inter-level travel time spent in this place.
 C = Inter-level travel time spent in this place.
 D = Time resting spent in this place.
 E = Time spent auto-exploring this place.
 F = Levels seen in this place.
 G = Mean time per level.
                   A        B        C        D        E       F      G
               +--------+--------+--------+--------+--------+-----+--------+
         Total |    655 |    168 |    487 |      0 |      0 |   5 |  131.0 |
       Dungeon |    655 |    168 |    487 |      0 |      0 |   5 |  131.0 |
               +--------+--------+--------+--------+--------+-----+--------+

Top non-repeatable levels by time:
     D:1: 333 daAuts
     D:4: 126 daAuts
     D:3: 104 daAuts
     D:2: 70 daAuts
     D:5: 20 daAuts
